 Dungeon Crawl Stone Soup version 0.30-a0-715-gdb4ae3ece1 (webtiles) character file.

Game seed: 18067151760886624591

46 flotson the Sneak (level 3, -2/29 HPs)
             Began as a Demonspawn Delver on Jan 24, 2023.
             Slain by a river rat (4 damage)
             ... in a sewer.
             The game lasted 00:01:42 (243 turns).

flotson the Sneak (Demonspawn Delver)                Turns: 243, Time: 00:01:43

Health: -2/29      AC:  3    Str: 14    XL:     3   Next: 44%
Magic:  3/3        EV: 12    Int: 13    God:
Gold:   14         SH:  0    Dex: 14    Spells: 2/2 levels left

rFire   . . .      SeeInvis .    a - +0 hand axe
rCold   + . .      Faith    .    (no shield)
rNeg    . . .      Spirit   .    b - +0 leather armour
rPois   .          Reflect  .    (helmet restricted)
rElec   .          Harm     .    (no cloak)
rCorr   .          Rampage  .    (no gloves)
Will    .....                    (no boots)
Stlth   +++                      (no amulet)
HPRegen 0.24/turn                (no ring)
MPRegen 0.08/turn                (no ring)

@: attractive, unable to read
A: big brain 1, horns 1, cold resistance 1, inability to read after injury 1
a: no special abilities


You were in a sewer.
You visited 1 branch of the dungeon, and saw 2 of its levels.
You also visited: Sewer.

You collected 14 gold pieces.

Inventory:

Hand Weapons
 a - a +0 hand axe (weapon)
Armour
 b - a +0 leather armour (worn)
Wands
 g - a wand of digging (3)


   Skills:
 + Level 3.3 Fighting
 + Level 2.1 Axes
 + Level 1.0 Armour
 + Level 2.1 Dodging
 + Level 4.7 Stealth
 + Level 1.0 Evocations


You had 2 spell levels left.
You didn't know any spells.
Your spell library was empty.

Dungeon Overview and Level Annotations

Branches:
Dungeon (5/15)              Sewer (1/1)
 Temple: D:4-7

Altars:


Innate Abilities, Weirdness & Mutations

You have an unusually large brain. (Int +2)
You have a pair of small horns on your head.
Your flesh is cold resistant. (rC+)
You occasionally lose the ability to read scrolls when taking damage.


Message History

You hit the river rat.
The river rat is almost dead.
You closely miss the river rat. The river rat barely misses you.
The river rat closely misses you.
You closely miss the river rat.
The river rat is almost dead.
You hit the river rat. The river rat bites you!
The river rat bites you but does no damage. x2
The river rat closely misses you.
You hit the river rat but do no damage.
The river rat is almost dead.
You hit the river rat. The river rat bites you.
* * * LOW HITPOINT WARNING * * *
The river rat bites you.
* * * LOW HITPOINT WARNING * * *
It was a potion of mutation.
You feel extremely strange.
You occasionally lose the ability to read scrolls when taking damage.
A pair of horns grows on your head!
You feel resistant to cold. The river rat completely misses you.
The river rat closely misses you.
It was a potion of attraction.
You feel attractive to monsters. The river rat barely misses you.
The river rat closely misses you.
As you read the scroll of fear, it crumbles to dust.
You assume a fearsome visage.
The river rat looks frightened! x2
The rat looks frightened! x2; The river rat looks frightened!
The river rat is attracted toward you. The rat is attracted toward you.
Cornered, the rat turns to fight!
Cornered, the river rat turns to fight! x2
The river rat is attracted toward you. The rat is attracted toward you.
As you read the scroll labelled LITITEONKE, it crumbles to dust.
It is a scroll of amnesia.
You feel forgetful for a moment. The river rat bites you.
* * * LOW HITPOINT WARNING * * *
The river rat closely misses you. The river rat is attracted toward you.
The rat is attracted toward you.
As you read the scroll of fog, it crumbles to dust.
The scroll dissolves into smoke.
The river rat bites you but does no damage.
The river rat bites you.
You feel threatened and lose the ability to read scrolls!
You die...

#.#
#.#
#.#
#.#
#.#
#§#
#r#
#r#
#@#
#r#
#r#
#r#
#§#
#.#
#~#
#~#


You could see 3 river rats and a rat.

Vanquished Creatures
  A hound (D:4)
  An adder (D:4)
  An orc (D:4)
  An endoplasm (D:4)
  A goblin (D:4)
  3 rats (Sewer)
8 creatures vanquished.

Notes
Turn   | Place    | Note
-------+----------+-------------------------------------------
     0 | D:5      | flotson the Demonspawn Delver began the quest for the Orb.
     0 | D:5      | Reached XP level 1. HP: 18/18 MP: 1/1
     5 | D:5      | Noticed a phantom
    29 | D:5      | Noticed a phantom
    36 | D:5      | Noticed a necrophage
    40 | D:5      | Noticed a scorpion
    67 | D:4      | Noticed a hound
    84 | D:4      | Killed a hound
    85 | D:4      | Gained mutation: You have an unusually large brain. (Int
                  | +2) [demonic ancestry]
    85 | D:4      | Reached XP level 2. HP: 6/24 MP: 2/2
    85 | D:4      | Reached XP level 3. HP: 8/29 MP: 3/3
   214 | D:4      | Reached skill level 1 in Evocations
   215 | D:4      | Found a glowing drain.
   224 | Sewer    | Entered a sewer
   227 | Sewer    | Reached skill level 1 in Armour
   238 | Sewer    | Gained mutation: You occasionally lose the ability to read
                  | scrolls when taking damage. [potion of mutation]
   238 | Sewer    | Gained mutation: You have a pair of small horns on your
                  | head. [potion of mutation]
   238 | Sewer    | Gained mutation: Your flesh is cold resistant. (rC+)
                  | [potion of mutation]
   243 | Sewer    | Slain by a river rat

Illustrated notes

Levels and vault maps discovered:
D:4:      nicolae_cairo_tiling_very_big, layout_cave_pools,
          mainiacjoe_overflow_concentric_impassable, minmay_temple_entry_fiery,
          gammafunk_ghost_split, portal_sewer_entry_d
D:5:      layout_rooms, nicolae_overflow_crystal_walls, serial_shops,
          nicolae_shop_trees, kennysheep_small_square
Sewer:    sewer_kobolds

Skill      XL: |  1  2  3 |
---------------+----------+-----
Axes           | 2 |  2.1
Dodging        | 2 |  2.1
Evocations     | 1 |  1.0
Armour         | 1 |  1.0
Fighting       | |  3.3
Stealth        | |  4.7

Action                     || total
---------------------------++-------
  Melee: Hand axe          ||    40
         Punch             ||     1
    Use: Scroll            ||     4
         Potion            ||     4
 Armour: Leather armour    ||    11
  Dodge: Dodged            ||    31

Table legend: (Time is in decaauts)
 A = Elapsed time spent in this place.
 B = Non-inter-level travel time spent in this place.
 C = Inter-level travel time spent in this place.
 D = Time resting spent in this place.
 E = Time spent auto-exploring this place.
 F = Levels seen in this place.
 G = Mean time per level.
                   A        B        C        D        E       F      G
               +--------+--------+--------+--------+--------+-----+--------+
         Total |    235 |    235 |      0 |     67 |      4 |   3 |   78.3 |
       Dungeon |    214 |    214 |      0 |     67 |      4 |   2 |  107.0 |
         Sewer |     21 |     21 |      0 |      0 |      0 |   1 |   21.0 |
               +--------+--------+--------+--------+--------+-----+--------+

Top non-repeatable levels by time:
     D:4: 161 daAuts
     D:5: 53 daAuts
   Sewer: 21 daAuts
